Map: Kairos Junction LE

Players

Throwfordays - Winner!

  • Race: Protoss Protoss
  • League: Bronze
  • Spawn Location: 11:00

AlexTMaestro

  • Race: Protoss Protoss
  • Spawn Location: 5:00

VOD

Have the link to the VOD?

Description

Time

  • Played on: Jan. 23, 2019, 9:34 p.m.
  • Length: 7:06
Show
View Real Time Build Order
Export as new Build Order

Throwfordays Protoss - Winner!

Build Orders: 1 Gate Expand 

Get SALT Encoding   

  12  0:00  Probe  
  13  0:16  Pylon  
  13  0:18  Probe  
  14  0:30  Probe  
  15  0:38  Gateway  
  15  0:46  Probe  
  16  0:59  Probe  
  17  1:05  Assimilator  
  17  1:11  Probe  
  18  1:25  Cybernetics Core  
  18  1:35  Nexus  
  18  1:41  Pylon  
  18  1:47  Warp Gate  
  18  1:49  Pylon  
  18  1:50  Probe  
  19  2:03  Zealot  
  21  2:25  Probe  
  22  2:36  Adept  
  24  2:47  Probe  
  25  2:55  Assimilator  
  25  2:59  Probe  
  25  3:01  Gateway  
  25  3:02  Gateway  
  26  3:11  Probe  
  27  3:13  Probe  
  27  3:19  Adept  
  30  3:23  Probe  
  30  3:26  Probe  
  32  3:35  Probe  
  32  3:38  Probe  
  34  3:43  Probe  
  35  3:50  Probe  
  35  3:51  Probe  
  36  4:02  Probe x2  
  39  4:13  Stalker  
  39  4:14  Stalker x2, Probe x2  
  47  4:17  Gateway  
  47  4:26  Probe x2  
  47  4:30  Gateway  
  49  4:32  Forge  
  50  4:38  Probe x2  
  50  4:42  Pylon  
  51  4:50  Probe  
  52  5:03  Stalker x3  
  58  5:09  Pylon  
  58  5:27  Assimilator  
  58  5:29  Assimilator  
  58  5:30  Stalker x2  
  58  5:31  Stalker x3  
  58  5:33  Pylon  
  68  5:59  Stalker x5  
  72  6:35  Stalker x2  
  72  6:36  Stalker  
  76  6:40  Pylon  
Show
View Real Time Build Order
Export as new Build Order

AlexTMaestro Protoss 

Build Orders: 1 Gate Expand 

Get SALT Encoding   

  12  0:01  Probe  
  13  0:16  Probe  
  13  0:19  Pylon  
  14  0:24  Probe  
  15  0:43  Gateway  
  15  0:51  Assimilator  
  15  1:12  Nexus  
  15  1:30  Zealot  
  17  1:37  Probe  
  18  1:49  Probe  
  18  1:51  Pylon  
  18  1:52  Cybernetics Core  
  19  2:01  Probe  
  20  2:09  Warp Gate  
  20  2:13  Probe  
  20  2:28  Forge, Probe  
  20  2:36  Probe  
  22  2:46  Probe  
  22  2:48  Protoss Ground Weapons Level 1  
  21  2:53  Gateway  
  21  2:54  Gateway  
  21  2:58  Probe  
  22  3:06  Probe  
  23  3:14  Probe  
  23  3:19  Stalker  
  26  3:23  Probe  
  27  3:31  Probe  
  27  3:32  Assimilator  
  27  3:34  Assimilator  
  27  3:39  Probe  
  29  3:48  Pylon  
  29  3:50  Pylon  
  29  3:51  Probe  
  29  3:52  Pylon  
  30  4:03  Probe  
  31  4:13  Assimilator, Probe  
  31  4:15  Probe  
  31  4:16  Stalker x3  
  39  4:26  Probe  
  40  4:33  Twilight Council  
  40  4:34  Probe  
  41  4:42  Stalker, Probe  
  41  4:44  Stalker  
  45  4:51  Probe  
  46  4:53  Probe  
  46  4:59  Probe  
  48  5:01  Stalker  
  48  5:05  Probe  
  52  5:09  Probe  
  52  5:11  Stalker  
  52  5:12  Stalker  
  57  5:17  Probe  
  59  5:21  Probe  
  59  5:29  Stalker  
  59  5:30  Probe  
  51  6:04  Stalker  
  51  6:05  Stalker x2  
  38  6:30  Stalker x3  
Tags
 
Add a new tag
Caveats
  • Supply blocks, unpowered buildings, or Contaminate may cause inaccurate times.
  • Supply counts are checked every 10 seconds.